[Event "ICC tourney 2675 (25 5)"]
[Site "Internet Chess Club"]
[Date "2021.09.18"]
[Round "1"]
[White "SCHWARTZ, DOUGLAS S:Douglas1"]
[Black "Nori, YOGA KAUSTHUBHA KRISHNA:Harithaananth"]
[Result "1-0"]
[ICCResult "Black checkmated"]
[WhiteElo "1315"]
[BlackElo "1073"]
[Opening "Two knights defense (Modern bishop's opening)"]
[ECO "C55"]
[NIC "IG.01"]
[Time "11:00:34"]
[TimeControl "1500+5"]

1. e4 e5 2. Nf3 Nc6 3. Bc4 Nf6 4. d3 h6 5. O-O d6 6. c3 Be7 7. Re1 O-O 8. d4
exd4 9. cxd4 a6 10. Nc3 b5 11. Bb3 Bg4 12. d5 Ne5 13. Re3 Nfd7 14. h3 Bg5
15. hxg4 Bxe3 16. Bxe3 Nxg4 17. Bd2 Nde5 18. Nxe5 Nxe5 19. Ne2 Qh4 20. Ng3
Ng4 21. Qf3 Ne5 22. Qf4 Qxf4 23. Bxf4 Nd3 24. Bc1 Nxc1 25. Rxc1 Rfc8 26. Nf5
Kh7 27. Ne7 Re8 28. Rxc7 f6 29. f3 a5 30. Nf5 Rg8 31. Nxd6 a4 32. Bc2 b4 33.
e5+ Kh8 34. Nf7# {Black checkmated} 1-0

[Event "ICC tourney 2675 (25 5)"]
[Site "Internet Chess Club"]
[Date "2021.09.18"]
[Round "1"]
[White "HECHT, HENRY:Henhec1001"]
[Black "GILLMAN, JONES:JonesGill"]
[Result "0-1"]
[ICCResult "White resigns"]
[WhiteElo "1074"]
[BlackElo "1427"]
[Opening "English opening"]
[ECO "A20"]
[NIC "EO.25"]
[Time "11:00:33"]
[TimeControl "1500+5"]

1. c4 e5 2. e3 Nf6 3. Nc3 d6 4. d4 Nbd7 5. Nf3 Be7 6. h3 c6 7. Be2 O-O 8.
O-O e4 9. Nd2 d5 10. cxd5 cxd5 11. a3 Nb6 12. f3 exf3 13. Nxf3 Ne4 14. Nxe4
dxe4 15. Nd2 f5 16. Qb3+ Kh8 17. Nc4 Be6 18. Bd2 Nxc4 19. Bxc4 Bxc4 20. Qxc4
Rc8 21. Qb3 Qd7 22. Rac1 Bd6 23. Bb4 Bxb4 24. Qxb4 g5 25. Rc3 Rxc3 26. bxc3
Rc8 27. c4 b6 28. c5 bxc5 29. dxc5 Qd5 30. Qd4+ Qxd4 31. exd4 f4 32. Kf2 Kg7
33. Re1 e3+ 34. Kf3 Kf6 35. Ke4 h5 36. Kd5 Rd8+ 37. Ke4 Ke6 38. Rb1 Re8 39.
Kf3 Kd5 40. Rd1 e2 41. Re1 Kxd4 42. Rxe2 Rxe2 43. Kxe2 Kxc5 44. Kf3 Kd4 45.
g4 hxg4+ 46. hxg4 Kd3 47. Kf2 Ke4 48. Kg2 f3+ 49. Kg3 Ke3 {White resigns}
0-1

[Event "ICC tourney 2675 (25 5)"]
[Site "Internet Chess Club"]
[Date "2021.09.18"]
[Round "1"]
[White "JANAPATI, VISWA:viswa0925"]
[Black "SARAVIA, KYLE AUSTIN:Kyle45"]
[Result "0-1"]
[ICCResult "White checkmated"]
[WhiteElo "911"]
[BlackElo "1296"]
[Opening "Sicilian: Pin variation (Sicilian counter-attack)"]
[ECO "B41"]
[NIC "SI.41"]
[Time "11:20:08"]
[TimeControl "1500+5"]

1. e4 c5 2. Nf3 e6 3. d4 cxd4 4. Nxd4 Nf6 5. Nc3 Bb4 6. Bd2 Bxc3 7. Bxc3
Nxe4 8. Qf3 Nxc3 9. Qxc3 O-O 10. Bd3 f5 11. Nb5 Nc6 12. O-O-O a6 13. Na3 b5
14. Qb3 b4 15. Nb1 Rb8 16. Bxf5 Rxf5 17. Rhe1 Qf6 18. f3 Rbb5 19. Rd3 d5 20.
Nd2 Qg6 21. g4 Re5 22. Rxe5 Nxe5 23. Re3 Qf6 24. c3 Qf4 25. cxb4 Rxb4 26.
Qc3 Nc4 27. Qxb4 Qxe3 28. Qc3 Qxd2+ 29. Qxd2 Nxd2 30. Kxd2 Kf7 31. a3 Kf6
32. Ke3 Bd7 33. Kf4 g5+ 34. Kg3 Ke5 35. Kf2 Kf4 36. b4 d4 37. Ke1 Ke3 38. h3
Bc6 39. Kf1 d3 40. Ke1 d2+ 41. Kd1 Ba4# {White checkmated} 0-1

[Event "ICC tourney 2675 (25 5)"]
[Site "Internet Chess Club"]
[Date "2021.09.18"]
[Round "1"]
[White "HOSUR, SANMITA:phosur"]
[Black "MOORHOUSE, WILL:NatWill"]
[Result "0-1"]
[ICCResult "White resigns"]
[WhiteElo "1123"]
[BlackElo "1485"]
[Opening "Budapest defense declined"]
[ECO "A51"]
[NIC "QG.01"]
[Time "11:00:34"]
[TimeControl "1500+5"]

1. d4 Nf6 2. c4 e5 3. e3 exd4 4. exd4 d5 5. b3 Bb4+ 6. Bd2 Bxd2+ 7. Qxd2 O-O
8. Nc3 Re8+ 9. Nge2 dxc4 10. bxc4 Nc6 11. Rd1 Bf5 12. g3 Nb4 13. Rc1 Nd3+
14. Kd1 Nxf2+ 15. Ke1 N6g4 16. h3 Nd3+ 17. Kd1 Ne3+ 18. Qxe3 Rxe3 19. Kd2
Qg5 20. Kc2 Nf2+ 21. Kb2 Nxh1 {White resigns} 0-1

[Event "ICC tourney 2675 (25 5)"]
[Site "Internet Chess Club"]
[Date "2021.09.18"]
[Round "1"]
[White "LIN, SYLVIA:K09-16713708"]
[Black "POLAKALA, ANISH:shadowstriker"]
[Result "1-0"]
[ICCResult "Black checkmated"]
[WhiteElo "1264"]
[BlackElo "892"]
[Opening "Queen's bishop game"]
[ECO "D02"]
[NIC "QP.08"]
[Time "11:00:40"]
[TimeControl "1500+5"]

1. d4 d5 2. Nf3 Nf6 3. Bf4 e6 4. h3 Bd6 5. e3 Bxf4 6. exf4 Nc6 7. c3 O-O 8.
Bd3 h6 9. Nbd2 g6 10. Ne5 Nxe5 11. fxe5 Ne8 12. O-O Bd7 13. Nf3 a6 14. a4 c6
15. Qd2 Kg7 16. g4 Rh8 17. b3 b5 18. Kg2 f5 19. exf6+ Qxf6 20. g5 hxg5 21.
Qxg5 Qxg5+ 22. Nxg5 Nc7 23. Rfe1 Rh5 24. f4 Rf8 25. Kg3 Rf6 26. axb5 cxb5
27. c4 Rf8 28. cxd5 exd5 29. Re7+ Kg8 30. Rxd7 Re8 31. Bxg6 Re3+ 32. Kg4 Rh6
33. Bf7+ Kf8 34. Rxc7 Rxb3 35. Ne6+ Rxe6 36. Bxe6 Rd3 37. Rxa6 b4 38. Ra8#
{Black checkmated}
1-0

[Event "ICC tourney 2675 (25 5)"]
[Site "Internet Chess Club"]
[Date "2021.09.18"]
[Round "1"]
[White "VATS, ATIKSH:avats"]
[Black "MANTRI, RISHAB SAI:Rishabmantri"]
[Result "1-0"]
[ICCResult "Black forfeits on time"]
[WhiteElo "1488"]
[BlackElo "1164"]
[Opening "Two knights defense (Modern bishop's opening)"]
[ECO "C55"]
[NIC "IG.01"]
[Time "11:00:33"]
[TimeControl "1500+5"]

1. e4 e5 2. Nf3 Nc6 3. Bc4 Nf6 4. d3 Be7 5. O-O a6 6. a3 b5 7. Bb3 Bb7 8.
Nc3 Bc5 9. Be3 Bxe3 10. fxe3 Qe7 11. Nd5 Nxd5 12. Bxd5 f6 13. Nh4 g6 14. Rf2
Na5 15. Bxb7 Nxb7 16. Nf3 O-O-O 17. a4 c6 18. axb5 axb5 19. Rf1 d6 20. Ra3
Kd7 21. Qb1 Ra8 22. Qa2 Qe8 23. Ra1 Rxa3 24. Qxa3 Qb8 25. Nd2 Qc7 26. Qa2
Ke7 27. b4 Qb6 28. Nf1 Qc7 29. c4 bxc4 30. Qxc4 Rb8 31. Ra7 Qc8 32. Nd2 Ra8
33. Rxa8 Qxa8 34. Qxc6 Qb8 35. Kf2 Nd8 36. Qc4 Ne6 37. Nb3 Qc7 38. Qxc7+
Nxc7 39. Na1 Nb5 40. Ke2 Kd7 41. Kd2 Kc6 42. Kc2 h5 43. Kb3
{Black forfeits on time}
1-0

[Event "ICC tourney 2675 (25 5)"]
[Site "Internet Chess Club"]
[Date "2021.09.18"]
[Round "1"]
[White "RAVAL, MEET:K09-30125723"]
[Black "JHA, AAKASH:akashew32"]
[Result "1-0"]
[ICCResult "Black forfeits on time"]
[WhiteElo "598"]
[BlackElo "1260"]
[Opening "Grünfeld: 5.e3"]
[ECO "D94"]
[NIC "GI.09"]
[Time "11:00:33"]
[TimeControl "1500+5"]

1. d4 Nf6 2. c4 g6 3. Nc3 d5 4. e3 Bg7 5. Nf3 O-O 6. g3 Nc6 7. cxd5 Nxd5 8.
Bg2 Nxc3 9. bxc3 Bg4 10. O-O Qc8 11. Bb2 e5 12. e4 Rd8 13. d5 Na5 14. Qa4 b6
15. c4 Bxf3 16. Bxf3 Qd7 17. Qxd7 Rxd7 18. Rac1 h5 19. c5 Bh6 20. Rc2 bxc5
21. Rxc5 Nb7 22. Rc6 Re7 23. Ba3 Rd7 24. Rb1 Nd8 25. Rc4 f6 26. Bd1 Bf8 27.
Ba4 Rf7 28. Bxf8 Kxf8 29. Rbc1 Rc8 30. Bb5 Rb8 31. a4 Rb7 32. Ba6 Rb6 33.
Bc8 Rb8 34. Rxc7 Rxc7 35. Rxc7 Rb4 36. Rxa7 Rxe4 37. d6 Rd4 38. d7 Ke7 39.
a5 Nc6 40. Ra8 Rd5 41. a6 Ra5 42. Bb7 Kxd7 43. Bxc6+ Kxc6 44. a7 Kb7 45. Rf8
f5 46. Rg8 Rxa7 47. Rg7+ Kb8 48. Rxg6 Rf7 49. Rg5 Kc7 50. Rxh5 Kd6 51. Kg2
Ke6 52. f4 {Black forfeits on time} 1-0

[Event "ICC tourney 2675 (25 5)"]
[Site "Internet Chess Club"]
[Date "2021.09.18"]
[Round "1"]
[White "KRISHNAN, ASHVATH:ashvathk5"]
[Black "RAJMOHAN, VIKRAM:vikram251107"]
[Result "0-1"]
[ICCResult "White checkmated"]
[WhiteElo "1192"]
[BlackElo "1912"]
[Opening "Caro-Kann: Tartakower (Nimzovich) variation"]
[ECO "B15"]
[NIC "CK.06"]
[Time "11:00:44"]
[TimeControl "1500+5"]

1. e4 c6 2. d4 d5 3. Nc3 dxe4 4. Nxe4 Nf6 5. Nxf6+ exf6 6. Nf3 Bd6 7. Bd3
O-O 8. O-O Re8 9. Bd2 Nd7 10. Re1 Nf8 11. c3 Bg4 12. Be2 Ng6 13. h3 Be6 14.
Bd3 Nf4 15. Bxf4 Bxf4 16. Qc2 h5 17. Bf5 Bd5 18. Be4 b5 19. Bxd5 Qxd5 20. a4
g5 21. axb5 cxb5 22. Qd3 Qd7 23. b3 Bc7 24. c4 Rad8 25. d5 Qd6 26. g3 Bb6
27. Kg2 Qc5 28. Rf1 bxc4 29. bxc4 Re7 30. Nd2 Rde8 31. Nb3 Qb4 32. Rab1 Qd6
33. Rbc1 Bc5 34. Qf3 Re3 35. Qd1 Re2 36. Rc2 Rxc2 37. Qxc2 Re5 38. Nxc5 Qxc5
39. Qd3 Re7 40. Rb1 Kg7 41. Rb5 Qc7 42. c5 a6 43. Rb4 Qxc5 44. Rc4 Qb5 45.
Qd4 a5 46. Rc6 Re5 47. Rc5 Qb6 48. Rc4 Qxd4 49. Rxd4 Kf8 50. f4 Rf5 51. fxg5
fxg5 52. d6 Ke8 53. d7+ Kd8 54. h4 g4 55. Kg1 Rb5 56. Kg2 Rb4 57. Rd3 a4 58.
Kf2 Rb3 59. Rd2 a3 60. Ke1 Rb1+ 61. Ke2 Rb2 62. Kd1 Rxd2+ 63. Kxd2 a2 64.
Ke3 a1=Q 65. Kf2 Qe5 66. Kg2 f5 67. Kh2 f4 68. Kh1 f3 69. Kh2 f2 70. Kg2 Qe2
71. Kh1 f1=Q# {White checkmated} 0-1

[Event "ICC tourney 2675 (25 5)"]
[Site "Internet Chess Club"]
[Date "2021.09.18"]
[Round "2"]
[White "Nori, YOGA KAUSTHUBHA KRISHNA:Harithaananth"]
[Black "KRISHNAN, ASHVATH:ashvathk5"]
[Result "0-1"]
[ICCResult "White checkmated"]
[WhiteElo "1073"]
[BlackElo "1192"]
[Opening "Giuoco Pianissimo: Italian four knights variation"]
[ECO "C55"]
[NIC "IG.01"]
[Time "12:31:10"]
[TimeControl "1500+5"]

1. e4 e5 2. Nf3 Nc6 3. Bc4 Nf6 4. d3 Bc5 5. Nc3 O-O 6. Be3 Bb6 7. O-O d6 8.
h3 h6 9. Nd5 Re8 10. Nxf6+ Qxf6 11. Bxb6 axb6 12. Re1 Be6 13. Bb3 Ne7 14. d4
Ng6 15. dxe5 dxe5 16. Bxe6 Qxe6 17. Qd5 Qxd5 18. exd5 Rad8 19. c4 f6 20. Nd2
Nf4 21. Re3 c6 22. b3 cxd5 23. cxd5 Rxd5 24. Nc4 b5 25. Na3 b4 26. Nc4 b5
27. Nb2 Rd2 28. Rb1 Rc8 29. g3 Nxh3+ 30. Kg2 Nxf2 31. Kf3 Rcc2 32. Nd3 Nxd3
33. Rxd3 Rxd3+ 34. Ke4 Rxg3 35. Kd5 Rd3+ 36. Ke6 Rc6+ 37. Ke7 e4 38. Re1 f5
39. Re2 Rd5 40. Rf2 e3 41. Re2 f4 42. Re1 Rf5 43. Kd8 Rf7 44. Ke8 Ra6 45.
Re2 Ra8# {White checkmated} 0-1

[Event "ICC tourney 2675 (25 5)"]
[Site "Internet Chess Club"]
[Date "2021.09.18"]
[Round "2"]
[White "RAJMOHAN, VIKRAM:vikram251107"]
[Black "CHRIST, OWEN EMERSON:chesswizard9797"]
[Result "1-0"]
[ICCResult "Black resigns"]
[WhiteElo "1912"]
[BlackElo "1473"]
[Opening "Sicilian: accelerated fianchetto, Maróczy bind, 6.Be3"]
[ECO "B38"]
[NIC "SI.33"]
[Time "12:30:53"]
[TimeControl "1500+5"]

1. e4 c5 2. Nf3 Nc6 3. d4 cxd4 4. Nxd4 g6 5. c4 Bg7 6. Be3 Nf6 7. Nc3 O-O 8.
f3 d6 9. Be2 a6 10. O-O e5 11. Nb3 Be6 12. Nd5 Nh5 13. Qd2 f5 14. Rad1 f4
15. Bb6 Qg5 16. Nc7 Bh3 17. Rf2 Rac8 18. Kh1 Ng3+ 19. hxg3 fxg3 20. Qxg5
{Black resigns}
1-0

[Event "ICC tourney 2675 (25 5)"]
[Site "Internet Chess Club"]
[Date "2021.09.18"]
[Round "2"]
[White "JHA, AAKASH:akashew32"]
[Black "HECHT, HENRY:Henhec1001"]
[Result "1-0"]
[ICCResult "Black resigns"]
[WhiteElo "1260"]
[BlackElo "1074"]
[Opening "Sicilian: Taimanov variation"]
[ECO "B45"]
[NIC "SI.39"]
[Time "12:30:11"]
[TimeControl "1500+5"]

1. e4 c5 2. Nf3 e6 3. d4 cxd4 4. Nxd4 Nc6 5. Nc3 Nf6 6. a3 Qc7 7. Be3 Be7 8.
Ndb5 Qb8 9. g3 a6 10. Nd4 b5 11. b4 Bb7 12. Bg2 O-O 13. O-O Rd8 14. f4 Nxd4
15. Bxd4 d5 16. e5 Ne4 17. Nxe4 dxe4 18. c3 a5 19. Qe2 axb4 20. axb4 Rxa1
21. Rxa1 Bc6 22. Qe3 Rd7 23. Bxe4 Bxe4 24. Qxe4 g6 25. h4 Qb7 26. Qxb7 Rxb7
27. Kh2 Rd7 28. Rb1 Kg7 29. Kh3 h5 30. g4 Kh6 31. g5+ Kg7 32. Kg3 Kf8 33.
Kf3 Ke8 34. Ke3 Kd8 35. Bc5 Rd5 36. Bxe7+ Kxe7 37. Ke2 Kd7 38. Rd1 Kc6 39.
Rxd5 Kxd5 40. Kd3 Kc6 41. Kd4 Kb6 42. c4 Kc6 43. cxb5+ Kxb5 44. Kc3 Kb6 45.
Kc4 Ka6 46. Kc5 Kb7 47. b5 Kb8 48. Kc6 Kc8 49. b6 Kb8 50. b7 Ka7 51. Kc7 Ka6
52. b8=Q Ka5 {Black resigns} 1-0

[Event "ICC tourney 2675 (25 5)"]
[Site "Internet Chess Club"]
[Date "2021.09.18"]
[Round "2"]
[White "MANTRI, RISHAB SAI:Rishabmantri"]
[Black "RAVAL, MEET:K09-30125723"]
[Result "1-0"]
[ICCResult "Black checkmated"]
[WhiteElo "1164"]
[BlackElo "598"]
[Opening "Scotch game"]
[ECO "C45"]
[NIC "SO.04"]
[Time "12:30:10"]
[TimeControl "1500+5"]

1. e4 e5 2. Nf3 Nc6 3. d4 exd4 4. Nxd4 d6 5. Nc3 Nf6 6. Be3 Bd7 7. Bd3 Be7
8. Qe2 Nxd4 9. Bxd4 c5 10. Be3 O-O 11. h3 Bc6 12. f3 a6 13. g4 b5 14. h4 c4
15. Bxc4 bxc4 16. Qxc4 Bb7 17. g5 Nd7 18. f4 Rc8 19. Qd3 Qc7 20. f5 Ne5 21.
Qe2 Qc4 22. Qg2 f6 23. gxf6 Bxf6 24. h5 Kh8 25. h6 g6 26. Bg5 Rf7 27. Rg1
Rg8 28. a3 Nd7 29. Rc1 Bxc3+ 30. bxc3 Qxe4+ 31. Qxe4 Bxe4 32. fxg6 Bxg6 33.
Rd1 Re8+ 34. Kd2 Rf2+ 35. Kc1 Rxc2+ 36. Kb1 Rg2+ 37. Kc1 Rc2+ 38. Kb1 Rxc3+
39. Ka1 Rxa3+ 40. Kb2 Rf3 41. Rxd6 Re2+ 42. Kc1 Rc2+ 43. Kd1 Bf5 44. Bf6+
Nxf6 45. Rd8+ Ne8 46. Rxe8# {Black checkmated} 1-0

[Event "ICC tourney 2675 (25 5)"]
[Site "Internet Chess Club"]
[Date "2021.09.18"]
[Round "2"]
[White "SARAVIA, KYLE AUSTIN:Kyle45"]
[Black "VATS, ATIKSH:avats"]
[Result "0-1"]
[ICCResult "White resigns"]
[WhiteElo "1296"]
[BlackElo "1488"]
[Opening "French defense, Steiner variation"]
[ECO "C00"]
[NIC "FR.01"]
[Time "12:30:26"]
[TimeControl "1500+5"]

1. e4 e6 2. c4 d5 3. exd5 exd5 4. cxd5 Qxd5 5. Nc3 Qd8 6. Bc4 Nf6 7. d3 Bc5
8. Nf3 Qe7+ 9. Qe2 Qxe2+ 10. Nxe2 O-O 11. O-O Bf5 12. Bg5 Nbd7 13. d4 Bb6
14. a4 c6 15. Ng3 Bg4 16. a5 Bc7 17. Nd2 b6 18. a6 h6 19. h3 hxg5 20. hxg4
Nxg4 21. Nge4 Ndf6 22. Nxg5 Bf4 23. Ngf3 Rad8 24. Nb3 Nd5 25. g3 Bb8 26. Kg2
Nge3+ 27. fxe3 Nxe3+ 28. Kf2 Nxc4 29. Rab1 Nd6 30. Ng5 Rfe8 31. Rbe1 Nf5 32.
Rxe8+ Rxe8 33. g4 Ng3 34. Rc1 f6 35. Nh3 Ne4+ 36. Kf3 Re6 37. Rc2 Kf7 38.
Re2 Nd6 39. Rc2 Nb5 40. Nf2 Ke7 41. Ne4 Nd6 42. Nxd6 Rxd6 43. Rc3 Kd7 44.
Ke4 g6 45. Rf3 Re6+ 46. Kd3 Bd6 47. Nd2 Ke7 48. Rh3 Kf8 49. Rh8+ Kg7 50. Ra8
Re7 51. Ne4 Bb4 52. Rc8 f5 53. gxf5 gxf5 54. Ng3 Kf6 55. Rxc6+ Re6 56. Nh5+
Kf7 57. Rc8 Bd6 58. Rh8 Re7 59. Rh7+ Kg6 60. Rxe7 Bxe7 61. Nf4+ Kg5 62. Ne6+
Kg4 63. d5 f4 64. Nd4 f3 65. Ke3 Bc5 66. d6 Bxd4+ 67. Kxd4 f2 68. d7 f1=Q
69. d8=Q Qd1+ {White resigns} 0-1

[Event "ICC tourney 2675 (25 5)"]
[Site "Internet Chess Club"]
[Date "2021.09.18"]
[Round "2"]
[White "GILLMAN, JONES:JonesGill"]
[Black "LIN, SYLVIA:K09-16713708"]
[Result "1-0"]
[ICCResult "Black resigns"]
[WhiteElo "1427"]
[BlackElo "1264"]
[Opening "French: Schlechter variation"]
[ECO "C01"]
[NIC "FR.01"]
[Time "12:30:13"]
[TimeControl "1500+5"]

1. e4 e6 2. d4 d5 3. Bd3 c5 4. exd5 cxd4 5. dxe6 fxe6 6. Nf3 Bc5 7. O-O Nc6
8. Bf4 Nf6 9. Re1 O-O 10. Bc4 Nd5 11. Bg5 Qb6 12. Bxd5 exd5 13. b3 Bg4 14.
Nbd2 d3 15. Bh4 h6 16. h3 Bh5 17. cxd3 Nd4 18. g4 Bg6 19. Ne5 Qd6 20. Be7
Qxe7 21. Nxg6 Qf6 22. Nxf8 Rxf8 23. Rf1 Nc2 24. Qxc2 Bxf2+ 25. Rxf2 Qxf2+
26. Kh1 Qg3 27. Nf1 Qxh3+ 28. Nh2 Qe3 29. Rf1 Rxf1+ 30. Nxf1 Qf3+ 31. Qg2
Qxd3 32. Kh2 b5 33. Ng3 Kh7 34. Nf5 d4 35. Nd6 b4 36. Qe4+ Qxe4 37. Nxe4 g5
38. Kg3 Kg6 39. Kf3 h5 40. gxh5+ Kxh5 41. Ng3+ Kh4 42. Nf5+ Kh3 43. Nxd4 g4+
44. Kf2 g3+ 45. Kg1 Kg4 46. Kg2 Kf4 47. Nc6 Ke3 48. Nxb4 Kd2 49. Nc6 a6 50.
Nb8 Kc3 51. Nxa6 Kb2 52. b4 {Black resigns} 1-0

[Event "ICC tourney 2675 (25 5)"]
[Site "Internet Chess Club"]
[Date "2021.09.18"]
[Round "2"]
[White "MOORHOUSE, WILL:NatWill"]
[Black "SCHWARTZ, DOUGLAS S:Douglas1"]
[Result "1-0"]
[ICCResult "Black resigns"]
[WhiteElo "1485"]
[BlackElo "1315"]
[Opening "QGD Slav: Breyer variation"]
[ECO "D11"]
[NIC "QP.08"]
[Time "12:30:10"]
[TimeControl "1500+5"]

1. d4 d5 2. Nf3 Nf6 3. c4 c6 4. Nbd2 Bf5 5. g3 h6 6. Bg2 e6 7. O-O Be7 8. b3
Na6 9. Bb2 O-O 10. Re1 Nb4 11. Rf1 b6 12. Ne5 Nd7 13. Nxd7 Qxd7 14. a3 Na6
15. e4 dxe4 16. Nxe4 Rad8 17. Qe2 Nc7 18. Rad1 Ne8 19. d5 exd5 20. cxd5 cxd5
21. Nc3 Qe6 22. Qd2 Nf6 23. Nxd5 Nxd5 24. Bxd5 Qd6 25. Qe3 Qc5 26. Qe5 Bf6
27. Qxf5 Bxb2 28. Bxf7+ Kh8 29. Rxd8 Qxf5 30. Rxf8+ Kh7 31. Bg8+ Kg6 32.
Bh7+ Kxh7 33. Rxf5 Bxa3 34. Ra1 Bc5 35. Rxc5 bxc5 36. Rxa7 Kg6 37. Rc7 Kf6
38. Rxc5 Ke6 39. b4 Kd6 40. Rc8 Kd7 41. Rg8 Kc6 42. Rxg7 Kb5 43. Rg6 Kxb4
44. Rxh6 Kc4 45. Rh5 Kd4 46. Rf5 Ke4 47. g4 Kd4 48. h4 Ke4 49. h5 Kd4 50. h6
Ke4 51. h7 Kd4 52. h8=Q+ Ke4 53. Qe8+ Kd3 54. Rd5+ Kc4 55. Qc6+ Kb4 56. Rb5+
Ka3 {Black resigns} 1-0

[Event "ICC tourney 2675 (25 5)"]
[Site "Internet Chess Club"]
[Date "2021.09.18"]
[Round "2"]
[White "POLAKALA, ANISH:shadowstriker"]
[Black "HOSUR, SANMITA:phosur"]
[Result "0-1"]
[ICCResult "White checkmated"]
[WhiteElo "892"]
[BlackElo "1123"]
[Opening "Sicilian defense"]
[ECO "B20"]
[NIC "SI.48"]
[Time "12:30:23"]
[TimeControl "1500+5"]

1. e4 c5 2. d3 g6 3. Bd2 Bg7 4. Bc3 Nf6 5. Nf3 Nc6 6. Be2 d6 7. O-O O-O 8.
Re1 b5 9. Bd2 b4 10. c3 Nd7 11. a3 Bb7 12. axb4 cxb4 13. Be3 bxc3 14. bxc3
Nf6 15. Nd4 Qc7 16. Nxc6 Bxc6 17. f3 d5 18. exd5 Nxd5 19. Bd4 e5 20. Bc5
Rfd8 21. c4 Nf4 22. Ra3 e4 23. fxe4 Bxe4 24. Bf2 Nxe2+ 25. Rxe2 Bf5 26. Bg3
Qb6+ 27. Bf2 Bd4 28. Bxd4 Qxd4+ 29. Rf2 Rab8 30. Rxa7 Qxa7 31. g3 Rb2 32.
Nd2 Rxd3 33. Kf1 Qa2 34. Rxf5 gxf5 35. Qh5 Qa1+ 36. Ke2 Rdxd2+ 37. Ke3 Re2+
38. Kf4 Rf2+ 39. Ke5 Rbe2+ 40. Kd6 Qa6+ 41. Kc5 Re5+ 42. Kd4 Qd6+ 43. Kc3
Re3# {White checkmated} 0-1

[Event "ICC tourney 2675 (25 5)"]
[Site "Internet Chess Club"]
[Date "2021.09.18"]
[Round "3"]
[White "HECHT, HENRY:Henhec1001"]
[Black "Nori, YOGA KAUSTHUBHA KRISHNA:Harithaananth"]
[Result "0-1"]
[ICCResult "White resigns"]
[WhiteElo "1074"]
[BlackElo "1073"]
[Opening "Nimzovich-Larsen attack: classical variation"]
[ECO "A01"]
[NIC "VO.08"]
[Time "14:00:13"]
[TimeControl "1500+5"]

1. b3 d5 2. Bb2 Nc6 3. Nf3 e6 4. e3 Bd6 5. c4 dxc4 6. Bxc4 Bd7 7. O-O Nf6 8.
Nd4 Nxd4 9. Bxd4 e5 10. Bc3 O-O 11. Qf3 e4 12. Qe2 Ng4 13. g3 Nf6 14. d3 Bg4
15. Qd2 Bf3 16. Qc2 Qd7 17. Nd2 Qh3 18. Nxf3 exf3 {White resigns} 0-1

[Event "ICC tourney 2675 (25 5)"]
[Site "Internet Chess Club"]
[Date "2021.09.18"]
[Round "3"]
[White "RAVAL, MEET:K09-30125723"]
[Black "SARAVIA, KYLE AUSTIN:Kyle45"]
[Result "0-1"]
[ICCResult "White checkmated"]
[WhiteElo "598"]
[BlackElo "1296"]
[Opening "Queen's pawn game"]
[ECO "E00"]
[NIC "QP.07"]
[Time "14:00:12"]
[TimeControl "1500+5"]

1. d4 Nf6 2. c4 e6 3. a3 a5 4. Nc3 d5 5. e3 c5 6. cxd5 exd5 7. Nf3 Nc6 8.
Bb5 Be6 9. O-O Bd6 10. Re1 O-O 11. e4 dxe4 12. Nxe4 Nxe4 13. Rxe4 cxd4 14.
Nxd4 Nxd4 15. Rxd4 Qb6 16. a4 Bc5 17. Rd2 Rad8 18. Qf3 Rxd2 19. Bxd2 Rd8 20.
Bf4 Bd5 21. Qg3 Qf6 22. Be5 Bxf2+ 23. Qxf2 Qxe5 24. Rd1 Rd6 25. Qc5 h6 26.
Bd3 g6 27. Bc4 b6 28. Qb5 Qe3+ 29. Kh1 Bxc4 30. Rxd6 Qe1# {White checkmated}
0-1

[Event "ICC tourney 2675 (25 5)"]
[Site "Internet Chess Club"]
[Date "2021.09.18"]
[Round "3"]
[White "LIN, SYLVIA:K09-16713708"]
[Black "JANAPATI, VISWA:viswa0925"]
[Result "1-0"]
[ICCResult "Black checkmated"]
[WhiteElo "1264"]
[BlackElo "911"]
[Opening "Queen's bishop game"]
[ECO "D02"]
[NIC "QP.08"]
[Time "14:00:16"]
[TimeControl "1500+5"]

1. d4 d5 2. Nf3 Nf6 3. Bf4 Bf5 4. h3 e6 5. e3 c5 6. c3 cxd4 7. cxd4 Qb6 8.
Qb3 Qxb3 9. axb3 Bc2 10. Bb5+ Nc6 11. Nbd2 a6 12. Ba4 Be7 13. Ne5 Rc8 14.
Nxc6 bxc6 15. O-O O-O 16. Rfc1 Bg6 17. Bxc6 Bb4 18. Nf3 a5 19. Ne5 Bf5 20.
Bb7 Rb8 21. Rc7 Ne4 22. Nc6 Rbe8 23. Nxb4 axb4 24. Ra4 h6 25. f3 Nf6 26. Bd6
Kh7 27. Bxf8 Rxf8 28. Rxb4 Ne8 29. Rc8 Bg6 30. Bc6 f6 31. Rbb8 Kg8 32. Rxe8
Bxe8 33. Rxe8 Rxe8 34. Bxe8 Kf8 35. Bc6 Ke7 36. b4 Kd6 37. b5 Kc7 38. Kf2
Kb6 39. Ke2 g5 40. b4 h5 41. g4 h4 42. f4 Kc7 43. Kf3 gxf4 44. Kxf4 Kd6 45.
g5 fxg5+ 46. Kxg5 e5 47. Kxh4 exd4 48. exd4 Kc7 49. Kg5 Kb6 50. h4 Kc7 51.
h5 Kd6 52. h6 Kc7 53. h7 Kb6 54. h8=Q Kc7 55. Qe8 Kb6 56. Qb8#
{Black checkmated}
1-0

[Event "ICC tourney 2675 (25 5)"]
[Site "Internet Chess Club"]
[Date "2021.09.18"]
[Round "3"]
[White "MOORHOUSE, WILL:NatWill"]
[Black "RAJMOHAN, VIKRAM:vikram251107"]
[Result "0-1"]
[ICCResult "White resigns"]
[WhiteElo "1485"]
[BlackElo "1912"]
[Opening "Caro-Kann: Tartakower (Nimzovich) variation"]
[ECO "B15"]
[NIC "CK.06"]
[Time "14:00:13"]
[TimeControl "1500+5"]

1. d4 c6 2. e4 d5 3. Nc3 dxe4 4. Nxe4 Nf6 5. Nxf6+ exf6 6. Nf3 Bd6 7. Bd3
O-O 8. O-O Re8 9. h3 Nd7 10. c3 Nf8 11. Nh4 g6 12. Re1 Be6 13. f4 f5 14. Nf3
Qc7 15. g3 c5 16. Be3 c4 17. Bf1 Bd5 18. Bg2 f6 19. Nd2 Bxg2 20. Kxg2 g5 21.
Qf3 gxf4 22. Bxf4 Bxf4 23. Qxf4 Qxf4 24. gxf4 b5 25. Nf3 Ng6 26. Kg3 Re4 27.
Rxe4 fxe4 28. f5 Ne7 29. Nd2 e3 30. Ne4 Nd5 31. Kf3 Kf7 32. Nd6+ Ke7 33.
Nxb5 Rb8 34. Na3 Rxb2 35. Nxc4 Rh2 36. Kg3 Rc2 37. Kf3 Rxc3 38. Ke4 Nb4 39.
Nb2 Nc2 40. Rc1 e2 41. Nd3 Rxd3 42. Kxd3 e1=Q 43. Rxe1+ Nxe1+ 44. Kd2 Nf3+
45. Ke3 Ng5 46. h4 Nf7 47. Kd3 Kd6 48. Ke4 a5 49. a4 Nd8 50. Kd3 Nc6 51. Kc4
Nb4 52. Kb5 Nc6 53. Kb6 Kd5 54. Kb5 Nxd4+ 55. Kxa5 Kc6 56. Kb4 Nxf5 57. Kc4
Nxh4 58. Kd4 f5 59. Ke3 Kb6 60. Kf4 h6 61. Kg3 Ng6 62. Kh3 Ka5 63. Kg3 Kxa4
64. Kh3 Kb4 65. Kg3 Kc4 66. Kf3 Kd3 67. Kg3 Ke3 68. Kg2 f4 69. Kf1 f3 70.
Ke1 f2+ 71. Kf1 Nf8 72. Kg2 Ke2 73. Kg3 f1=Q 74. Kh2 Qf3 75. Kg1 Qg4+
{White resigns}
0-1